 Dungeon Crawl Stone Soup version 0.31-a0-256-g80acddb972 (webtiles) character file.

Game seed: 7226439873991449839

225322 Morbidden the Warrior (level 18, -1/96 HPs)
             Began as a Minotaur Fighter on July 13, 2023.
             Was the Champion of Cheibriados.
             Slain by a nagaraja
             ... wielding a +0 halberd
              (25 damage)
             ... on level 4 of the Snake Pit.
             The game lasted 00:47:40 (28183 turns).

Morbidden the Warrior (Minotaur Fighter)           Turns: 28183, Time: 00:47:41

Health: -1/96      AC: 32    Str: 38    XL:     18   Next: 99%
Magic:  25/25      EV: 29    Int: 20    God:    Cheibriados [******]
Gold:   3569       SH: 20    Dex: 25    Spells: 17/17 levels left

rFire   + . .        a - +9 morningstar "Vauts" {venom, Stlth+}
rCold   + . .        t - +5 kite shield {reflect}
rNeg    + + +        i - melded +0 shadow dragon scales
rPois   ∞            o - -2 hat of the Alchemist {rElec rPois rF+ rC+ rN+ Will+ rMut rCorr}
rElec   +            L - +1 cloak of Starlight {*Dazzle EV+4 Stlth--}
rCorr   +            j - melded +1 pair of gloves "Zatum" {rElec rPois Int+6}
SInv    .            K - melded +2 pair of boots
Will    ++...        R - amulet of regeneration
Stlth   +++          y - +4 ring of protection
HPRegen 1.16/turn    x - ring "Yrghuvio" {rN+++ EV+5 Str-4 Dex-2 Stlth+}
MPRegen 0.19/turn

%: reflection, resist mutation
@: statue-form, untranslocatable, constricted, studying 2 skills, very slow
A: slow and powerful, torment resistance 1, reduced hp, horns 2, retaliatory
headbutt
a: Renounce Religion, Bend Time, Temporal Distortion, Slouch, Step From Time


You were on level 4 of the Snake Pit.
You worshipped Cheibriados.
Cheibriados was exalted by your worship.
You were a living statue of rough stone.
You visited 5 branches of the dungeon, and saw 27 of its levels.
You also visited: Bailey, Gauntlet and Ice Cave.

You collected 4187 gold pieces.
You spent 618 gold pieces at shops.

Inventory:

Hand Weapons
 a - the +9 morningstar "Vauts" (weapon) {venom, Stlth+}
   (You found it on level 9 of the Dungeon)

   Stlth:     It makes you more stealthy.
 c - a +3 eveningstar of protection
 T - a +0 broad axe
Missiles
 n - 5 silver javelins
 p - 20 boomerangs (quivered)
 w - 9 curare-tipped darts
 I - 32 poisoned darts
 V - 5 throwing nets
Armour
 i - +0 shadow dragon scales (melded)
 j - the +1 pair of gloves "Zatum" (melded) {rElec rPois Int+6}
   (You found it on level 15 of the Dungeon)

   Int:       It affects your intelligence (+6).
   rElec:     It insulates you from electricity.
   rPois:     It protects you from poison.
 o - the -2 hat of the Alchemist (worn) {rElec rPois rF+ rC+ rN+ Will+ rMut rCorr}
   (You acquired it on level 4 of the Dungeon)

   rF:        It protects you from fire.
   rC:        It protects you from cold.
   rElec:     It insulates you from electricity.
   rPois:     It protects you from poison.
   rN:        It protects you from negative energy.
   rCorr:     It protects you from acid and corrosion.
   rMut:      It protects you from mutation.
   Will:      It increases your willpower.
 t - a +5 kite shield of reflection (worn)
 K - a +2 pair of boots (melded)
 L - the +1 cloak of Starlight (worn) {*Dazzle EV+4 Stlth--}
   (You acquired it on level 14 of the Dungeon)

   *Dazzle:   It may blind those who miss an attack against the wearer in melee
   combat.
   EV:        It affects your evasion (+4).
   Stlth:     It makes you much less stealthy.
 M - a +2 tower shield of protection
Jewellery
 x - the ring "Yrghuvio" (right fist) {rN+++ EV+5 Str-4 Dex-2 Stlth+}
   (You found it on level 4 of the Dungeon)

   [ring of evasion]

   EV:        It affects your evasion (+5).
   Str:       It affects your strength (-4).
   Dex:       It affects your dexterity (-2).
   rN:        It renders you almost immune to negative energy.
   Stlth:     It makes you more stealthy.
 y - a +4 ring of protection (left fist)
 R - an amulet of regeneration (around neck)
 Y - a ring of ice
Talismans
 m - a dragon-blood talisman
 q - a granite talisman
 s - a beast talisman
 S - a maw talisman
Wands
 g - a wand of iceblast (9)
 r - a wand of flame (34)
 A - a wand of digging (5)
 B - a wand of paralysis (29)
 C - a wand of quicksilver (3)
 F - a wand of mindburst (4)
Scrolls
 b - 4 scrolls of blinking
 e - 5 scrolls of teleportation
 f - 2 scrolls of enchant armour
 l - 3 scrolls of immolation
 u - 5 scrolls of poison
 G - 2 scrolls of fear
 H - 4 scrolls of enchant weapon
 N - 3 scrolls of butterflies
 O - 6 scrolls of revelation
 W - 4 scrolls of amnesia
 X - 8 scrolls of identify
Potions
 d - 2 potions of might
 h - 4 potions of enlightenment
 k - 3 potions of magic
 z - 2 potions of berserk rage
 D - a potion of cancellation
 E - 2 potions of resistance
 J - 4 potions of curing
 P - 5 potions of heal wounds
 Q - 3 potions of invisibility
 Z - a potion of mutation
Miscellaneous
 v - a phantom mirror
 U - a condenser vane


   Skills:
 * Level 15.6 Fighting
 + Level 14.4(17.1) Axes
 + Level 15.2(17.5) Maces & Flails
 + Level 1.2 Throwing
 + Level 14.0 Armour
 * Level 12.7 Dodging
 + Level 4.1 Stealth
 + Level 14.5 Shields
 + Level 3.4 Unarmed Combat
 * Level 10.9 Invocations
 + Level 4.8 Evocations
 * Level 9.5 Shapeshifting


You had 17 spell levels left.
You didn't know any spells.
Your spell library contained the following spells:

 Spells                   Type           Power      Damage    Failure   Level
 Kiss of Death            Conj/Necr      0%         2d5       26%         1
 Magic Dart               Conj           0%         1d3       26%         1
 Shock                    Conj/Air       0%         1d3       26%         1
 Blink                    Tloc           0%         N/A       36%         2
 Call Imp                 Summ           0%         N/A       36%         2
 Cigotuvi's Dreadful Rot  Necr/Pois/Air  0%         N/A       36%         2
 Poisonous Vapours        Pois/Air       0%         N/A       36%         2
 Confusing Touch          Hex            0%         N/A       58%         3
 Gell's Gravitas          Tloc           0%         N/A       58%         3
 Hailstorm                Conj/Ice       0%         3d3       58%         3
 Ignite Poison            Fire/Tmut/Pois 0%         N/A       58%         3
 Inner Flame              Hex/Fire       0%         N/A       58%         3
 Mephitic Cloud           Conj/Pois/Air  0%         N/A       58%         3
 Ozocubu's Armour         Ice            0%         N/A       58%         3
 Portal Projectile        Hex/Tloc       0%         N/A       58%         3
 Stone Arrow              Conj/Erth      0%         3d7       58%         3
 Summon Guardian Golem    Hex/Summ       0%         N/A       58%         3
 Swiftness                Air            0%         N/A       58%         3
 Teleport Other           Tloc           0%         N/A       58%         3
 Tukima's Dance           Hex            0%         N/A       58%         3
 Vhi's Electric Charge    Tloc/Air       0%         N/A       58%         3
 Airstrike                Air            0%         2d(0-16)  94%         4
 Dispel Undead            Necr           0%         3d6       94%         4
 Manifold Assault         Tloc           0%         N/A       94%         4
 Passage of Golubria      Tloc           0%         N/A       94%         4
 Summon Ice Beast         Ice/Summ       0%         N/A       94%         4
 Arcjolt                  Conj/Air       0%         1d10      100%        5
 Freezing Cloud           Conj/Ice/Air   0%         6-21      100%        5
 Metabolic Englaciation   Hex/Ice        0%         N/A       100%        5
 Summon Forest            Summ/Tloc      0%         N/A       100%        5
 Summon Mana Viper        Hex/Summ       0%         N/A       100%        5
 Yara's Violent Unravell  Hex/Tmut       0%         3d3       100%        5
 Dispersal                Tloc           0%         N/A       100%        6
 Plasma Beam              Fire/Air       0%         2x1d10    100%        6
 Simulacrum               Ice/Necr       0%         N/A       100%        6
 Summon Cactus Giant      Summ           0%         N/A       100%        6
 Enfeeble                 Hex            0%         N/A       100%        7
 Malign Gateway           Summ/Tloc      0%         N/A       100%        7
 Orb of Destruction       Conj           0%         9d5       100%        7
 Spellforged Servitor     Conj/Summ      0%         N/A       100%        7
 Maxwell's Capacitive Co  Air            0%         ∞         100%        8


Dungeon Overview and Level Annotations

Branches:
Dungeon (15/15)            Temple (1/1) D:7            Lair (5/5) D:11
 Shoals (0/4) Lair:2        Snake (4/4) Lair:3          Orc (2/2) D:10
    Elf (0/3) Orc:2        Vaults (0/5) D:14         Depths (0/4) D:15
 Bailey (visited)           IceCv (visited)         Gauntlet (visited)
  Slime: Lair:4-5

Altars:
Ashenzari
Cheibriados
Elyvilon
Kikubaaqudgha
Makhleb
Nemelex Xobeh
Qazlal
Ru
Sif Muna
Uskayaw
Vehumet
Zin
The Shining One

Shops:
Orc:2 :[**   Snake:1 :==

Portals:
Pandemonium: Orc:2

Annotations:
D:9 1 runed translucent door
Lair:4 exclusion: oklob plant


Innate Abilities, Weirdness & Mutations

You are a living statue of rough stone.
Your actions are slow, but your melee attacks are powerful.
You are resistant to unholy torment.
Your maximum health is decreased, since you lack skill for your form.
Your equipment is partially melded.
You are immune to poison.
You have a pair of horns on your head.
You reflexively headbutt those who attack you in melee.


Message History

The nagaraja spits poison at you.
Your +5 kite shield of reflection blocks the splash of poison... and reflects it back!
The splash of poison hits the nagaraja.
The nagaraja is poisoned.
The nagaraja completely misses you. You block the nagaraja's attack.
The nagaraja gestures at you while chanting.
The bolt of poison hits you but does no damage.
You resist.
The nagaraja hits you with a +0 halberd!!
* * * LOW HITPOINT WARNING * * *
The nagaraja grabs you. The nagaraja constricts you.
A guardian serpent comes into view.
A nagaraja comes into view. It is wielding a +0 spear.
The nagaraja spits poison at you.
The splash of poison hits you but does no damage.
You resist. The nagaraja constricts you.
Things that are here:
a +0 dagger; a +0 robe; a salamander skeleton You barely miss the nagaraja.
You headbutt the nagaraja!
The nagaraja is lightly wounded.
The nagaraja gestures at you while chanting.
You resist with some effort. The nagaraja constricts you.
The nagaraja gestures wildly while chanting.
The nagaraja seems to speed up.
The nagaraja spits poison at you.
Your +5 kite shield of reflection blocks the splash of poison... and reflects it back!
The splash of poison hits the nagaraja.
The nagaraja constricts you.
* * * LOW HITPOINT WARNING * * *
You impale the nagaraja!!
The nagaraja is heavily wounded.
You hear a shout!
You block the nagaraja's attack. The nagaraja constricts you.
You hear a shout!
You puncture the nagaraja! You headbutt the nagaraja!!
The nagaraja is almost dead.
The nagaraja spits poison at you.
Your +5 kite shield of reflection blocks the splash of poison... and reflects it back!
The splash of poison hits the nagaraja but does no damage.
The nagaraja looks even sicker.
The nagaraja constricts you.
The nagaraja hits you with a +0 halberd!!
You die...

.)#.....#.##'.................###
.)'..<.8#..'#................## #
.)#.....##.#.........###..... #
#.##.8.#####........## ##..... ##
.########'#...).....## #..... #.
###...........##.....## ##..# ##
.######..)............####..#
#.### #..)..##')##..........#
#.#.###.).(##...8##.........##
#.#.##....##...))N##.........#
#.#.))...##...##.S)##........# #
#.#...).##...# ##...##.......###.
.##....##...# ##...##..........
##.)..##...# ##N..##.........
.....## ... ....##.......# ....##
.. .....##......# ...##
#.....##.))..'


You could see 2 nagarajas and a guardian serpent.

Vanquished Creatures
  Vashnia (Snake:3)
  Gastronok (Lair:1)
  A sphinx (shapeshifter) (D:14)
  Aizul (Snake:2)
  Agnes (Snake:3)
  Louise (Snake:2)
  An orc warlord (Bailey)
  The ghost of Nattfarinn the Mimic, a journeyman VSSh of Uskayaw (D:14)
  3 dire elephants (Lair:5)
  Azrael (Orc:2)
  Snorg (D:13)
  An ettin (D:12)
  The ghost of Gargoyl the Cleaver, a journeyman GrBe of Trog (D:11)
  A hell beast (Gauntlet)
  4 hydras
  4 vault guards (D:14)
  Fannar (D:10)
  A salamander tyrant (Snake:4)
  2 demonspawn (Orc:2)
  7 centaur warriors
  8 two-headed ogres
  Erica (D:10)
  An ogre mage (D:15)
  2 catoblepae
  13 anacondas
  6 boulder beetles
  21 naga warriors
  A death knight (D:12)
  A tengu warrior (D:12)
  10 death yaks
  7 orc high priests
  28 naga sharpshooters
  9 shock serpents
  A sun demon (Orc:2)
  2 skysharks
  2 salamander mystics (Snake:4)
  A skeletal warrior (D:14)
  A spectral anaconda (Lair:5)
  2 sea snakes (Snake:2)
  Pikel (D:6)
  5 orc knights
  An obsidian statue (Lair:5)
  10 naga ritualists
  A wizard (D:14)
  5 necromancers
  14 mana vipers
  7 deep elf pyromancers
  A deep elf zephyrmancer (D:15)
  2 wolf spiders (D:14)
  9 orc sorcerers
  24 ugly things
  A manticore (D:14)
  13 salamanders
  7 cyclopes
  20 elephants
  34 black mambas
  6 guardian serpents
  18 naga magi
  2 dire elephant zombies (Lair:5)
  3 torpor snails
  11 cane toads
  3 ice statues (IceCv)
  An orange demon (Orc:2)
  Maggie (D:7)
  2 centaur zombies (D:15)
  A gargoyle (Gauntlet)
  A centaur skeleton (D:15)
  An unseen horror (D:12)
  A dire elephant skeleton (Lair:5)
  A yaktaur (D:12)
  3 kobold demonologists
  4 rime drakes
  9 komodo dragons
  2 efreet
  3 freezing wraiths
  A tengu conjurer (D:15)
  2 red devils (Orc:2)
  11 trolls
  A polar bear (shapeshifter) (D:12)
  2 hornets (D:9)
  2 tyrant leeches (Lair:4)
  A polar bear (Lair:2)
  Grinder (D:3)
  10 blink frogs
  4 spectral elephants (Lair:5)
  A blink frog (shapeshifter) (D:9)
  A centaur simulacrum (D:14)
  7 dream sheep (Lair:5)
  12 slime creatures
  Sigmund (D:3)
  A dire elephant simulacrum (IceCv)
  A spriggan (shapeshifter) (D:15)
  3 shadows
  A vampire (D:9)
  3 fire elementals (Orc:2)
  5 basilisks
  4 wraiths
  6 wyverns
  54 yaks
  3 chaos spawn
  A steam dragon (D:8)
  A neqoxec (Gauntlet)
  A human (shapeshifter) (D:12)
  14 vampire mosquitoes
  3 death yak simulacra
  47 nagas
  A warg (Orc:2)
  2 swamp worms (Lair:4)
  A hydra simulacrum (IceCv)
  Duvessa (D:6)
  2 acid dragons
  11 water moccasins
  5 hell hounds
  36 orc warriors
  3 ice beasts
  A sky beast (D:7)
  2 black bears
  7 wolves (Lair:2)
  2 centaurs
  10 ogres
  A phantom (D:2)
  A lemure (D:6)
  15 bullfrogs
  5 kobold brigands
  3 gnoll sergeants
  2 scorpions
  2 cane toad simulacra
  9 wights
  Dowan (D:6)
  An elephant simulacrum (IceCv)
  14 killer bees
  2 electric eels
  7 hounds
  19 orc priests
  2 gnoll boudas (D:9)
  2 sleepcaps
  2 iguanas
  13 orc wizards
  A boggart skeleton (D:15)
  A polar bear simulacrum (IceCv)
  2 wolf simulacra (IceCv)
  Robin (D:2)
  8 adders
  39 gnolls
  2 shadow imps
  4 white imps
  An ufetubus (D:5)
  A worm (D:5)
  2 dart slugs
  66 orcs
  5 endoplasms
  2 giant cockroaches
  44 goblins
  45 hobgoblins
  3 jackals (D:1)
  44 kobolds
  5 quokkas
  2 ball pythons (D:2)
  2 bats
  A frilled lizard (D:1)
  3 rats (D:1)
1054 creatures vanquished.

Vanquished Creatures (collateral kills)
  A minotaur (Gauntlet)
1 creature vanquished.

Vanquished Creatures (others)
  A wizard (D:14)
  A troll (D:10)
  An orc wizard (Orc:1)
3 creatures vanquished.

Grand Total: 1058 creatures vanquished

Notes
Turn   | Place    | Note
-------+----------+-------------------------------------------
     0 | D:1      | Morbidden the Minotaur Fighter began the quest for the Orb.
     0 | D:1      | Reached XP level 1. HP: 19/19 MP: 0/0
   152 | D:1      | Reached XP level 2. HP: 27/27 MP: 1/1
   726 | D:2      | Reached XP level 3. HP: 32/33 MP: 2/2
   760 | D:2      | Noticed a phantom
   771 | D:2      | Killed a phantom
   772 | D:2      | Reached skill level 1 in Dodging
   772 | D:2      | Reached XP level 4. HP: 25/41 MP: 3/3
   936 | D:2      | Noticed Robin
   940 | D:2      | Killed Robin
   941 | D:2      | Reached XP level 5. HP: 44/47 MP: 4/4
  1160 | D:2      | Found a faded altar of an unknown god.
  1405 | D:3      | Noticed Grinder
  1416 | D:3      | Killed Grinder
  1417 | D:3      | Reached skill level 5 in Axes
  1417 | D:3      | Reached XP level 6. HP: 49/55 MP: 5/5
  1498 | D:3      | Reached skill level 5 in Fighting
  1940 | D:3      | Reached XP level 7. HP: 44/61 MP: 6/6
  2123 | D:3      | Reached skill level 5 in Armour
  2713 | D:3      | Noticed Sigmund
  2719 | D:3      | Killed Sigmund
  3219 | D:4      | Identified a scroll of acquirement
  3219 | D:4      | Acquired the -2 hat of the Alchemist {rElec rPois rF+ rC+
                  | rN+ Will+ rMut rCorr}
  3219 | D:4      | Found the -2 hat of the Alchemist {rElec rPois rF+ rC+ rN+
                  | Will+ rMut rCorr}
  3256 | D:4      | Found a hide-covered altar of Uskayaw.
  3360 | D:4      | Identified the ring "Yrghuvio" {rN+++ EV+5 Str-4 Dex-2
                  | Stlth+}
  4106 | D:5      | Entered Level 5 of the Dungeon
  4110 | D:5      | Reached skill level 5 in Shields
  4250 | D:5      | Reached XP level 8. HP: 66/70 MP: 7/7
  4346 | D:5      | HP: 2/70 [gnoll/+0 spear[a gnoll sergeant] (6)]
  5476 | D:6      | Noticed Pikel
  5492 | D:6      | Killed Pikel
  5493 | D:6      | Reached XP level 9. HP: 44/78 MP: 8/8
  5720 | D:6      | Reached skill level 10 in Axes
  5804 | D:6      | Identified the +2 dagger "Ubreup" {speed, *Noise rElec rN+
                  | Dex+3}
  6004 | D:6      | Noticed Dowan
  6004 | D:6      | Noticed Duvessa
  6013 | D:6      | Killed Dowan
  6017 | D:6      | Killed Duvessa
  6375 | D:6      | Found a broken altar of Ashenzari.
  6375 | D:6      | Found a glowing golden altar of the Shining One.
  6593 | D:7      | Found a staircase to the Ecumenical Temple.
  6604 | Temple   | Entered the Ecumenical Temple
  6673 | Temple   | Became a worshipper of Cheibriados the Contemplative
  7247 | D:8      | Reached skill level 1 in Invocations
  7267 | D:8      | Reached skill level 5 in Dodging
  7391 | D:8      | Reached * piety under Cheibriados
  7822 | D:8      | Reached XP level 10. HP: 88/88 MP: 10/10
  8167 | D:7      | Reached ** piety under Cheibriados
  8242 | D:7      | Found the +4 robe of Augmentation {Str+4 Int+4 Dex+4}
  8555 | D:7      | Noticed Maggie
  8571 | D:7      | Killed Maggie
  8708 | D:9      | Found a flagged portal.
  8717 | D:9      | Identified the +7 hand axe "Otenem" {flame, rN+ SInv
                  | Stlth+}
  8721 | Bailey   | Entered a bailey
  8894 | Bailey   | Reached *** piety under Cheibriados
  8971 | Bailey   | Noticed an orc warlord
  8972 | Bailey   | Noticed an orc knight
  8978 | Bailey   | Killed an orc knight
  8979 | Bailey   | Killed an orc warlord
  9253 | D:9      | Reached **** piety under Cheibriados
  9317 | D:9      | Noticed a centaur warrior
  9328 | D:9      | Killed a centaur warrior
  9329 | D:9      | Reached XP level 11. HP: 43/97 MP: 12/12
  9499 | D:9      | Noticed a wizard
  9499 | D:9      | Noticed a green ugly thing
  9499 | D:9      | Noticed a centaur warrior
  9503 | D:9      | Found a runed translucent door.
  9515 | D:9      | Noticed a deep elf pyromancer
  9522 | D:9      | Killed a deep elf pyromancer
  9723 | D:9      | Found a runed translucent door.
  9723 | D:9      | Found a runed translucent door.
  9723 | D:9      | Noticed a centaur warrior
  9723 | D:9      | Noticed a two-headed ogre
 10362 | D:9      | Killed a centaur warrior
 10366 | D:9      | Killed a two-headed ogre
 10372 | D:9      | Reached ***** piety under Cheibriados
 10389 | D:9      | Noticed a two-headed ogre
 10399 | D:9      | Reached skill level 10 in Armour
 10408 | D:9      | Killed a two-headed ogre
 10409 | D:9      | Reached skill level 10 in Fighting
 10475 | D:9      | Noticed a centaur warrior
 10475 | D:9      | Noticed a centaur warrior
 10475 | D:9      | Noticed a white ugly thing
 10482 | D:9      | Noticed a deep elf pyromancer
 10488 | D:9      | Noticed a white ugly thing
 10489 | D:9      | Killed a centaur warrior
 10493 | D:9      | Killed a centaur warrior
 10499 | D:9      | Killed a white ugly thing
 10500 | D:9      | Reached skill level 1 in Evocations
 10505 | D:9      | Killed a deep elf pyromancer
 10507 | D:9      | Killed a white ugly thing
 10508 | D:9      | Reached XP level 12. HP: 96/107 MP: 14/14
 10517 | D:9      | Identified the +9 morningstar "Vauts" {venom, Stlth+}
 10533 | D:9      | Identified the +3 shortbow "Fimusid" {freeze, rPois}
 10538 | D:9      | Got the Lectures on Turbulence and Bruises
 10666 | D:10     | Entered Level 10 of the Dungeon
 10678 | D:10     | Noticed Fannar
 10691 | D:10     | Killed Fannar
 10991 | D:10     | Noticed Erica
 10997 | D:10     | Killed Erica
 10998 | D:10     | Reached skill level 1 in Maces & Flails
 11337 | D:10     | Found a sparkling altar of Nemelex Xobeh.
 11556 | D:10     | Found a staircase to the Orcish Mines.
 11617 | D:10     | Reached skill level 5 in Shapeshifting
 11617 | D:10     | Reached XP level 13. HP: 114/114 MP: 15/15
 11666 | D:11     | Found a staircase to the Lair.
 11695 | D:11     | Found a runed translucent gate.
 11695 | D:11     | Found a runed translucent gate.
 11695 | D:11     | Found a runed translucent gate.
 11696 | D:11     | Noticed Gargoyl's ghost (journeyman GrBe)
 12483 | D:11     | Killed Gargoyl's ghost
 12513 | Lair:1   | Entered Level 1 of the Lair of Beasts
 12523 | Lair:1   | Noticed Gastronok
 12541 | Lair:1   | Killed Gastronok
 12927 | Lair:1   | Reached skill level 5 in Maces & Flails
 12927 | Lair:1   | Reached skill level 5 in Invocations
 13823 | Lair:2   | Reached XP level 14. HP: 28/124 MP: 0/17
 14221 | Lair:2   | Identified the +9 arbalest "Hidin" {heavy, rC+ Dex+3}
 14306 | Lair:2   | Found a staircase to the Shoals.
 14394 | Lair:2   | Reached skill level 10 in Shields
 15871 | Lair:3   | Found a staircase to the Snake Pit.
 15876 | Lair:3   | Reached ****** piety under Cheibriados
 16339 | Lair:4   | Reached skill level 10 in Maces & Flails
 17003 | Lair:5   | Entered Level 5 of the Lair of Beasts
 17178 | Lair:5   | Reached skill level 1 in Unarmed Combat
 17375 | Lair:5   | Reached skill level 1 in Stealth
 17685 | Lair:5   | Acquired 1174 gold pieces
 17986 | Lair:5   | Reached XP level 15. HP: 132/132 MP: 18/18
 18662 | Lair:5   | Reached XP level 16. HP: 139/139 MP: 20/20
 19057 | D:12     | Found a frozen archway.
 19071 | IceCv    | Entered an ice cave
 19634 | D:12     | Identified the scarf of Kindness {harm, +Blink Fly Str+7
                  | Stlth-}
 20227 | D:13     | Noticed Snorg
 20242 | D:13     | Killed Snorg
 20453 | D:13     | Identified the +7 trident of Yfeot {protect, rN+ Str+2
                  | Dex+2}
 20617 | D:14     | Noticed Nattfarinn's ghost (journeyman VSSh)
 20841 | D:14     | Found a gate to the Vaults.
 20974 | D:14     | Acquired the +1 cloak of Starlight {*Dazzle EV+4 Stlth--}
 20974 | D:14     | Found the +1 cloak of Starlight {*Dazzle EV+4 Stlth--}
 21108 | D:14     | Found a transporter.
 21112 | D:14     | Found a transporter.
 21126 | D:14     | Identified the staff of Bile {rPois Will+ Stlth- Conj}
 21390 | D:14     | Noticed a quicksilver dragon
 21516 | D:14     | Noticed a sphinx
 21547 | D:14     | Killed a sphinx
 21548 | D:14     | Reached skill level 10 in Dodging
 21596 | D:14     | Reached XP level 17. HP: 123/150 MP: 22/22
 21681 | D:14     | Killed Nattfarinn's ghost
 21731 | D:15     | Entered Level 15 of the Dungeon
 21767 | D:15     | Identified the +1 pair of gloves "Zatum" {rElec rPois
                  | Int+6}
 21804 | D:15     | Found a gate leading to a gauntlet.
 21808 | Gauntlet | Entered a Gauntlet
 21808 | Gauntlet | Found a runed translucent door.
 21808 | Gauntlet | Found a transporter.
 21808 | Gauntlet | Found a transporter.
 21808 | Gauntlet | Found a runed translucent door.
 21808 | Gauntlet | Found a transporter.
 21818 | Gauntlet | Found a transporter.
 21821 | Gauntlet | Found a transporter.
 21832 | Gauntlet | Found a transporter.
 21832 | Gauntlet | Found a transporter.
 21845 | Gauntlet | Found a transporter.
 21858 | Gauntlet | Found a transporter.
 21875 | Gauntlet | Found a transporter.
 21878 | Gauntlet | Found a transporter.
 21890 | Gauntlet | Found a transporter.
 22007 | Gauntlet | Identified the +6 spear "Newt's Demise" {antimagic, Int+3
                  | Stlth+}
 22112 | Gauntlet | Identified the +0 arbalest "Grim" {penet, rC+}
 22140 | Gauntlet | Got the Handbook of the Tesseract
 22535 | D:15     | Found a staircase to the Depths.
 22730 | Orc:1    | Entered Level 1 of the Orcish Mines
 22732 | Orc:1    | Found a burning altar of Makhleb.
 23048 | Orc:2    | Entered Level 2 of the Orcish Mines
 23076 | Orc:2    | Noticed Azrael
 23085 | Orc:2    | Killed Azrael
 23133 | Orc:2    | Found a staircase to the Elven Halls.
 23514 | Orc:2    | Found Buock's General Store.
 23516 | Orc:2    | Found Bisae's General Store.
 23579 | Orc:2    | Bought a scroll of teleportation for 36 gold pieces
 23986 | Orc:2    | Found Riunn's Book Shoppe.
 23986 | Orc:2    | Found a one-way gate leading to the halls of Pandemonium.
 23986 | Orc:2    | Found Zome's Antique Armour Emporium.
 24016 | Orc:2    | Bought a translucent chain mail for 342 gold pieces
 24016 | Orc:2    | Identified the +2 chain mail of Osohau {Int+2} (You bought
                  | it in a shop on level 2 of the Orcish Mines)
 24256 | Snake:1  | Entered Level 1 of the Snake Pit
 24261 | Snake:1  | Found Fagg's Jewellery Boutique.
 24263 | Snake:1  | Found Plog's Book Emporium.
 24265 | Snake:1  | Found Wumuif's Jewellery Boutique.
 24271 | Snake:1  | Bought a beast talisman for 240 gold pieces
 25191 | Snake:2  | Noticed Louise
 25200 | Snake:2  | Killed Louise
 25297 | Snake:2  | Noticed Aizul
 25315 | Snake:2  | Killed Aizul
 25333 | Snake:2  | Reached skill level 1 in Throwing
 25384 | Snake:2  | Reached XP level 18. HP: 93/161 MP: 24/24
 26155 | Snake:3  | Noticed Agnes
 26163 | Snake:3  | Killed Agnes
 26254 | Snake:3  | Noticed Vashnia
 26261 | Snake:3  | Killed Vashnia
 26262 | Snake:3  | Reached skill level 15 in Fighting
 26262 | Snake:3  | Reached skill level 10 in Invocations
 27131 | Snake:4  | Entered Level 4 of the Snake Pit
 27318 | Snake:4  | Reached skill level 15 in Maces & Flails
 28183 | Snake:4  | Slain by a nagaraja

Illustrated notes

Levels and vault maps discovered:
D:1:      psy_arrival_basics, layout_basic, minmay_stone_trees_medium,
          skrybe_limestone_x, roderic_serpentine_path, chequers_mini_garden
D:2:      layout_basic, hellmonk_ecumenical_altar_blasted, uniq_robin
D:3:      minmay_goblin_kobold_castle, layout_basic, serial_park_tiny_pond,
          chequers_serial_rivers_micro_e, uniq_sigmund, uniq_grinder
D:4:      layout_loops_ring, mainiacjoe_overflow_chevrons
D:5:      kennysheep_kobold_camp, layout_basic, lightli_minifort
D:6:      layout_basic, minitemple, minivault_11, uniq_duvessa, uniq_pikel
D:7:      layout_loops_corners, minmay_temple_entry_statues_fountains,
          uniq_maggie
D:8:      layout_layer_cave, kennysheep_generic_room_5
D:9:      minmay_the_grid_triangle_9x9_rhombus_full
          [minmay_the_grid_triangle_9x9_subtriangle,
          minmay_the_grid_triangle_9x9_tough_junction,
          minmay_the_grid_triangle_9x9_intruding_spiral,
          minmay_the_grid_triangle_9x9_warning,
          minmay_the_grid_triangle_9x9_thin_v,
          minmay_the_grid_triangle_9x9_descending_squares,
          minmay_the_grid_triangle_9x9_negative_grid,
          minmay_the_grid_triangle_9x9_prize_center], layout_cave_pools,
          serial_gnoll_camp, gnoll_camp_mini_hut, gnoll_camp_mini_loothouse,
          gnoll_camp_mini_hut, gnoll_camp_medium_01, gnoll_camp_mini_hut,
          enter_bailey_2
D:10:     layout_basic, mainiacjoe_overflow_alcove_2, lemuel_flamethrower_2,
          uniq_erica, uniq_fannar
D:11:     layout_basic, lair_entry_dummy, serial_curves, eino_curves_03,
          eino_curves_02, eino_curves_04, eino_curves_03,
          gammafunk_ghost_spectres
D:12:     kennysheep_green_arena, layout_basic, portal_ice_cave_entry_pillars_2
D:13:     layout_basic, uniq_snorg
D:14:     layout_grid_maze, lightli_vaults_fourway_checkpoint, nzn_ghost_randoct
D:15:     grunt_enter_depths_magical_seal, layout_basic, minmay_misc_feat_iff,
          gauntlet_entry_generic
Temple:   compressed_dpeg_circular_temple
Lair:1:   layout_long_grid, st_stairs_5, grunt_forest_small_clearing_treed,
          grunt_megastairs_5, serial_bayou_shore_a, uniq_gastronok
Lair:2:   layout_gridlike, shoals_dummy_entry, grunt_megastairs_4
Lair:3:   layout_gridlike, guppyfry_snake_entry_island, minmay_hedge_maze,
          hangedman_lair_unloving_vines
Lair:4:   layout_roguey, minmay_slime_entry_oklob_enclosed, worms_lemuel
Lair:5:   due_jungle_book, layout_small_grid, lemuel_fruit_tree
Snake:1:  layout_basic, minmay_shop_grove, grunt_megastairs_2
Snake:2:  layout_basic, serial_bayou_lagoon_a, uniq_louise, uniq_aizul
Snake:3:  layout_grid_maze, uniq_agnes, uniq_vashnia
Snake:4:  johnstein_snake_rune_scales, layout_cave_town, grunt_megastairs_1
Orc:1:    layout_diamond_mine, basic_altar
Orc:2:    pf_orc_diabolical, layout_caves, uniq_azrael

Skill      XL: |  1  2  3  4  5  6  7  8  9 10 11 12 13 14 15 16 17 18 |
---------------+-------------------------------------------------------+-----
Armour         | 4 5 6 8 9 10 11 12 13 14 | 14.0
Fighting       | 4 5 6 8 9 10 11 12 13 14 15 | 15.6
Axes           | 3 4 5 6 8 9 11 13 14 | 14.4
Dodging        | 1 2 3 5 6 7 8 10 11 12 | 12.7
Shields        | 4 5 6 7 8 9 10 11 12 14 | 14.5
Invocations    | 1 3 4 5 6 8 9 10 | 10.9
Evocations     | 1 3 4 |  4.8
Maces & Flails | 1 7 11 13 14 15 | 15.2
Shapeshifting  | 5 6 7 8 9 |  9.5
Unarmed Combat | 3 |  3.4
Stealth        | 1 2 3 4 |  4.1
Throwing       | 1 |  1.2

Action                     |  1- 3 |  4- 6 |  7- 9 | 10-12 | 13-15 | 16-18 || total
---------------------------+-------+-------+-------+-------+-------+-------++-------
  Melee: War axe           |    48 |   119 |   357 |    62 |       |       ||   586
         Headbutt          |     6 |    10 |    71 |    78 |   176 |   353 ||   694
         Hand axe          |       |       |       |   210 |       |       ||   210
         Morningstar       |       |       |       |    45 |   607 |  1220 ||  1872
         Maw               |       |       |       |       |       |    13 ||    13
  Throw: Stone             |       |       |       |    11 |     6 |    12 ||    29
         Dart              |       |       |       |       |       |     5 ||     5
         Boomerang         |       |       |       |       |       |    16 ||    16
 Invoke: Slouch            |       |       |       |       |    10 |    16 ||    26
  Evoke: Wand              |       |       |     2 |     5 |       |     1 ||     8
         Phantom mirror    |       |       |       |       |       |     3 ||     3
         Condenser vane    |       |       |       |       |       |     2 ||     2
    Use: Scroll            |     2 |       |     7 |    15 |     7 |    13 ||    44
         Potion            |       |       |     7 |     2 |     1 |       ||    10
   Stab: Sleeping          |       |       |       |       |       |    19 ||    19
         Distracted        |       |       |       |       |       |     5 ||     5
         Invisible         |       |       |       |       |       |    26 ||    26
 Armour: Scale mail        |    27 |     8 |       |       |       |       ||    35
         Plate armour      |       |    68 |   154 |   119 |   245 |       ||   586
         Shadow dragon sca |       |       |       |       |    21 |   190 ||   211
         Ice dragon scales |       |       |       |       |       |     9 ||     9
         Skin              |       |       |       |       |       |    61 ||    61
  Dodge: Dodged            |    14 |    43 |   174 |   168 |   508 |  1000 ||  1907
  Block: Buckler           |     8 |    36 |   108 |   110 |   296 |    92 ||   650
         Tower shield      |       |       |       |       |       |   535 ||   535
         Kite shield       |       |       |       |       |       |   608 ||   608
         Reflection        |       |       |       |       |       |   116 ||   116
         Form:             |       |       |       |     1 |       |     3 ||     4
         Dragon            |       |       |       |     1 |       |       ||     1
         Beast             |       |       |       |       |       |     1 ||     1
         Maw               |       |       |       |       |       |     1 ||     1
         Statue            |       |       |       |       |       |     2 ||     2

Table legend: (Time is in decaauts)
 A = Elapsed time spent in this place.
 B = Non-inter-level travel time spent in this place.
 C = Inter-level travel time spent in this place.
 D = Time resting spent in this place.
 E = Time spent auto-exploring this place.
 F = Levels seen in this place.
 G = Mean time per level.
                   A        B        C        D        E       F      G
               +--------+--------+--------+--------+--------+-----+--------+
         Total |  41119 |  38860 |   2259 |   2243 |  29390 |  30 | 1370.6 |
       Dungeon |  19535 |  18310 |   1225 |   1204 |  13826 |  15 | 1302.3 |
        Temple |     84 |     70 |     14 |      0 |     58 |   1 |   84.0 |
          Lair |  10346 |   9677 |    669 |    405 |   8020 |   5 | 2069.2 |
     Snake Pit |   7206 |   6988 |    218 |    321 |   5132 |   4 | 1801.5 |
  Orcish Mines |   2424 |   2291 |    133 |     42 |   1751 |   2 | 1212.0 |
        Bailey |    607 |    607 |      0 |    167 |    253 |   1 |  607.0 |
      Ice Cave |    329 |    329 |      0 |    100 |     52 |   1 |  329.0 |
      Gauntlet |    586 |    586 |      0 |      3 |    295 |   1 |  586.0 |
               +--------+--------+--------+--------+--------+-----+--------+

Top non-repeatable levels by time:
  Lair:5: 2848 daAuts
 Snake:4: 2393 daAuts
     D:9: 2185 daAuts
  Lair:1: 2072 daAuts
  Lair:3: 2048 daAuts
  Lair:2: 1974 daAuts
 Snake:3: 1938 daAuts
    D:14: 1801 daAuts
    D:10: 1762 daAuts
     D:3: 1715 daAuts
   Orc:2: 1677 daAuts
    D:11: 1576 daAuts
 Snake:1: 1484 daAuts
  Lair:4: 1402 daAuts
 Snake:2: 1389 daAuts
